AoeStats
← jusart.92

Arena

510638177Analyzed
4v4 RM · 15h ago on Oct 1, 2026· 64m 19s· 8 players
Game mode
Random Map
Map size
Large (8 player)
Population
200
Speed
Normal
Resources
Standard
Victory
Conquest
Starting age
Dark Age
Ending age
Imperial Age
RankedLock teamsTeams togetherTeam positionsShared explorationLock speedFull tech treeHidden civsTurbo modeCheats
Victory
Defeat
🇺🇸 Koreans · United States
1331
+11
🇺🇸 Malay · United States
1266
+14
🇺🇸 Saxons · United States
1260
+14
🇺🇸 Franks · United States
1125
+18
🇦🇺 Mongols · Australia
1234
-15
🇲🇽 Danes · Mexico
1224
-15
🇺🇾 Hindustanis · Uruguay
1211
-14
🇨🇴 Khmer · Colombia
1178
-13
Aphelink
11:18 Feudal Age
12:11 Double-Bit Axe
15:04 Castle Age
13:16 Horse Collar
13:43 Stone Mining
16:17 Bow Saw
17:10 Heavy Plow
20:05 Gold Mining
21:51 Wheelbarrow
21:03 Loom
21:32 Town Watch
24:09 Hand Cart
28:34 Imperial Age
25:58 Town Watch
27:01 Gold Shaft Mining
27:31 Stone Shaft Mining
27:07 Scale Barding Armor
27:12 Forging
27:14 Husbandry
28:49 Bloodlines
28:47 Grand Trunk Road
30:26 Two-Man Saw
29:28 Heavy Camel Rider
30:39 Chain Barding Armor
31:26 Iron Casting
31:54 Conscription
31:23 Imperial Camel Rider
33:02 Plate Barding Armor
37:42 Scale Mail Armor
38:44 Blast Furnace
37:45 Padded Archer Armor
43:57 Masonry
43:53 Siege Engineers
44:11 Ballistics
44:52 Chemistry
43:49 Murder Holes
44:05 Fortified Wall
45:01 Chemistry
44:22 Ballistics
45:31 Hoardings
44:59 Shatagni
45:53 Leather Archer Armor
45:54 Fletching
46:12 Thumb Ring
45:28 Elite Skirmisher
47:19 Ring Archer Armor
48:03 Bodkin Arrow
49:22 Bracer
CTM | Kiara
11:05 Feudal Age
9:21 Loom
14:29 Castle Age
12:25 Double-Bit Axe
12:44 Horse Collar
15:44 Bow Saw
15:36 Heavy Plow
19:46 Wheelbarrow
25:19 Hand Cart
24:53 Town Watch
25:50 Town Patrol
26:18 Gold Mining
26:20 Stone Mining
30:13 Imperial Age
29:22 Scale Barding Armor
29:28 Forging
30:28 Chain Barding Armor
31:07 Bloodlines
30:57 Husbandry
30:36 Elite Battle Elephant
31:54 Iron Casting
32:09 Stone Shaft Mining
32:12 Gold Shaft Mining
32:22 Crop Rotation
31:59 Devotion
32:26 Tusk Swords
32:47 Conscription
31:50 Elite Ballista Elephant
32:33 Double Crossbow
33:42 Chemistry
32:49 Siege Engineers
32:55 Masonry
32:41 Murder Holes
32:57 Fortified Wall
33:46 Plate Barding Armor
33:03 Fletching
34:43 Blast Furnace
34:49 Ballistics
36:00 Faith
38:16 Bodkin Arrow
38:55 Architecture
38:23 Light Cavalry
39:09 Hussar
43:33 Bracer
43:34 Padded Archer Armor
46:47 Caravan
Termi2023
11:41 Feudal Age
12:20 Double-Bit Axe
12:20 Horse Collar
13:32 Wheelbarrow
13:38 Wheelbarrow
16:24 Castle Age
15:40 Town Watch
17:36 Bow Saw
18:00 Loom
22:40 Stone Mining
23:57 Stone Shaft Mining
23:48 Gold Mining
27:18 Heavy Plow
31:17 Imperial Age
28:42 Fletching
28:54 Padded Archer Armor
28:59 Scale Barding Armor
29:33 Bloodlines
29:24 Husbandry
28:45 Light Cavalry
29:43 Forging
30:08 Nomads
30:08 Bodkin Arrow
30:28 Leather Archer Armor
30:48 Hand Cart
30:33 Town Patrol
31:36 Elite Mangudai
32:37 Conscription
32:09 Hussar
33:02 Capped Ram
34:51 Chain Barding Armor
33:59 Siege Ram
35:32 Bracer
35:53 Thumb Ring
37:35 Parthian Tactics
38:19 Iron Casting
40:27 Drill
40:44 Ballistics
41:54 Elite Skirmisher
44:52 Blast Furnace
43:54 Heavy Scorpion
45:00 Siege Engineers
49:21 Chemistry
48:32 Masonry
51:07 Hoardings
50:49 Fortified Wall
51:17 Caravan
51:56 Scale Mail Armor
56:58 Coinage
jusart.92
9:47 Feudal Age
11:56 Loom
14:40 Castle Age
25:26 Fletching
30:29 Wheelbarrow
29:57 Double-Bit Axe
30:02 Horse Collar
30:17 Gold Mining
30:17 Stone Mining
31:41 Redemption
31:52 Sanctity
31:43 Fervor
36:53 Imperial Age
34:43 Scale Mail Armor
34:46 Gambesons
35:02 Squires
35:09 Arson
36:21 Forging
36:31 Chain Mail Armor
36:51 Bow Saw
37:02 Hamask
38:04 Conscription
38:53 Block Printing
44:06 Bodkin Arrow
44:11 Padded Archer Armor
44:47 Iron Casting
44:40 Elite Skirmisher
45:26 Thumb Ring
45:30 Bracer
47:25 Chemistry
48:55 Ballistics
52:18 Leather Archer Armor
54:33 Blast Furnace
60:47 Hand Cart
60:17 Town Watch
65:30 Blast Furnace
65:01 Plate Mail Armor
65:03 Ring Archer Armor
Thire7
10:05 Feudal Age
8:21 Loom
8:28 Loom
13:47 Castle Age
13:13 Double-Bit Axe
13:11 Horse Collar
15:11 Bow Saw
21:47 Fletching
23:24 Bodkin Arrow
29:51 Squires
30:27 Town Watch
32:13 Gold Mining
33:37 Crossbowman
36:20 Ballistics
37:07 Wheelbarrow
39:53 Imperial Age
37:33 Padded Archer Armor
37:56 Scale Mail Armor
37:27 Pikeman
39:36 Hand Cart
39:30 Thumb Ring
40:04 Masonry
40:31 Arbalester
41:12 Bracer
42:54 Chemistry
43:07 Leather Archer Armor
43:08 Chain Mail Armor
43:13 Halberdier
44:25 Conscription
46:40 Two-Man Saw
46:54 Ring Archer Armor
45:53 Shield Wall
47:07 Plate Mail Armor
46:52 Arson
49:26 Coinage
49:18 Forging
48:59 Elite Skirmisher
50:50 Iron Casting
54:25 Guard Tower
55:07 Architecture
54:42 Siege Engineers
56:34 Keep
57:25 Arrowslits
57:23 Treadmill Crane
59:39 Banking
61:20 Murder Holes
64:03 Fortified Wall
64:37 Hoardings
63:33 Sappers
Zalmon
10:50 Feudal Age
15:36 Castle Age
17:14 Double-Bit Axe
18:40 Wheelbarrow
18:31 Bow Saw
21:55 Gold Mining
21:59 Stone Mining
23:16 Scale Barding Armor
23:29 Loom
27:37 Chain Barding Armor
27:32 Forging
26:45 Pikeman
27:28 Squires
28:17 Gold Shaft Mining
31:11 Hand Cart
33:47 Imperial Age
31:21 Scale Mail Armor
32:49 Husbandry
33:26 Iron Casting
33:07 Chain Mail Armor
33:54 Cavalier
35:11 Plate Barding Armor
35:37 Blast Furnace
35:07 Plate Mail Armor
34:21 Treadmill Crane
34:37 Murder Holes
34:54 Masonry
35:05 Ballistics
34:56 Fortified Wall
35:31 Town Watch
35:40 Paladin
36:54 Halberdier
39:11 Conscription
41:11 Chivalry
42:42 Caravan
43:08 Fletching
51:23 Architecture
55:52 Coinage
56:22 Hoardings
60:06 Bodkin Arrow
62:51 Banking
Movinup14
8:27 Feudal Age
8:11 Double-Bit Axe
8:09 Horse Collar
16:27 Castle Age
15:42 Forging
15:44 Light Cavalry
18:52 Husbandry
18:40 Loom
20:56 Bow Saw
20:52 Heavy Plow
24:19 Sanctity
26:00 Wheelbarrow
25:10 Town Watch
26:09 Gold Mining
26:12 Stone Mining
27:22 Hand Cart
27:53 Scale Barding Armor
29:39 Gold Shaft Mining
29:43 Stone Shaft Mining
32:35 Imperial Age
32:28 Iron Casting
32:15 Town Patrol
33:25 Crop Rotation
33:28 Block Printing
33:24 Redemption
34:48 Blast Furnace
33:26 Man-at-Arms
34:06 Squires
33:52 Arson
34:35 Conscription
33:38 Elite Karambit Warrior
34:09 Long Swordsman
34:41 Fletching
34:52 Padded Archer Armor
35:54 Illumination
35:08 Pikeman
36:08 Halberdier
37:10 Bodkin Arrow
37:31 Leather Archer Armor
39:45 Bracer
40:07 Ballistics
40:48 Chemistry
43:12 Forced Levy
43:55 Ring Archer Armor
48:04 Onager
48:07 Capped Ram
48:12 Two-Handed Swordsman
50:56 Siege Engineers
64:08 Masonry
Psalms18:2
10:52 Feudal Age
14:32 Castle Age
13:16 Double-Bit Axe
13:13 Horse Collar
15:47 Bow Saw
17:28 Loom
19:55 Wheelbarrow
23:27 Hand Cart
24:08 Heavy Plow
24:57 Town Watch
25:07 Fletching
28:31 Imperial Age
27:30 Town Patrol
27:27 Bodkin Arrow
27:05 Elite Skirmisher
28:24 Forging
29:48 Conscription
29:44 Bracer
29:10 Capped Ram
30:56 Chemistry
29:54 Pikeman
31:07 Scale Mail Armor
31:32 Halberdier
32:52 Eupseong
34:07 Chain Mail Armor
34:59 Iron Casting
35:52 Plate Mail Armor
35:37 Squires
36:30 Ballistics
36:22 Masonry
37:35 Siege Engineers
39:48 Scale Barding Armor
39:52 Light Cavalry
40:54 Chain Barding Armor
40:54 Fortified Wall
41:16 Architecture
42:26 Husbandry
42:37 Murder Holes
43:35 Hussar
46:16 Heavy Rocket Cart
50:51 Arrowslits
52:02 Shinkichon
57:08 Treadmill Crane
65:58 Two-Man Saw
Connection lost

Rejoining the realm…

Still unreachable

The connection could not be restored.

Session expired

The server has moved on; the page needs a fresh start.